 Dungeon Crawl Stone Soup version 0.30.1 (webtiles) character file.

Game seed: 12513387643989897809

5397 Cheops the Bludgeoner (level 10, -6/126 HPs)
             Began as a Minotaur Fighter on July 7, 2023.
             Was a Believer of Makhleb.
             Mangled by a yak (11 damage)
             ... on level 8 of the Dungeon.
             The game lasted 00:26:05 (10089 turns).

Cheops the Bludgeoner (Minotaur Fighter)           Turns: 10089, Time: 00:26:06

Health: -6/126     AC: 25    Str: 23    XL:     10   Next: 40%
Magic:  14/14      EV:  2    Int: 11    God:    Makhleb [**....]
Gold:   334        SH:  4    Dex:  8    Spells: 9/9 levels left

rFire   . . .        a - +1 flail (heavy)
rCold   . . .        A - +0 buckler
rNeg    + . .        B - melded +1 plate armour
rPois   +            (helmet currently unavailable)
rElec   .            C - melded +1 cloak
rCorr   .            (gloves currently unavailable)
SInv    +            (boots currently unavailable)
Will    .....        (no amulet)
Stlth   +            f - ring of positive energy
HPRegen 0.41/turn    E - ring of see invisible
MPRegen 0.14/turn

%: no passive effects
@: brilliant, tree-form, hasted, invisible, very quick
A: stationary, stasis, torment immunity, boosted hp, (horns 2), (retaliatory
headbutt), see invisible, clever 1, robust 1, evolution 1
a: Renounce Religion, Minor Destruction


You were on level 8 of the Dungeon.
You worshipped Makhleb.
Makhleb was pleased with you.
You were a tree.
You visited 2 branches of the dungeon, and saw 9 of its levels.

You collected 574 gold pieces.
You spent 240 gold pieces at shops.

Inventory:

Hand Weapons
 a - a +1 heavy flail (weapon)
 b - a +1 morningstar
 c - the +1 hand axe of Quick Death {heavy, Dex+2}
   (You found it on level 2 of the Dungeon)

   Dex:       It affects your dexterity (+2).
 d - the +3 dagger of the Morning {flame, rC+ Str+3 Int+2}
   (You took it off a hobgoblin on level 2 of the Dungeon)

   Str:       It affects your strength (+3).
   Int:       It affects your intelligence (+2).
   rC:        It protects you from cold.
 e - a +3 dire flail
 P - a +5 flail of freezing
 Q - a +4 war axe of freezing
Missiles
 m - 72 stones (quivered)
 n - 20 poisoned darts
 G - 3 curare-tipped darts
 O - 3 boomerangs
Armour
 A - a +0 buckler (worn)
 B - a +1 plate armour (melded)
 C - a +1 cloak (melded)
Jewellery
 f - a ring of positive energy (left branch)
 E - a ring of see invisible (right branch)
 N - a ring of resist corrosion
Wands
 J - a wand of flame (21)
 K - a wand of mindburst (15)
Scrolls
 i - 3 scrolls of vulnerability {unknown}
 p - a scroll of magic mapping
 v - 3 scrolls of amnesia
 w - 2 scrolls of butterflies
 x - 4 scrolls of poison
 y - a scroll of enchant armour
 z - 4 scrolls of immolation
 D - 4 scrolls of teleportation {unknown}
 F - a scroll of fog
 H - 2 scrolls of torment {unknown}
 I - 2 scrolls of fear {unknown}
 L - a scroll of blinking {unknown}
 M - a scroll of noise {unknown}
 R - a scroll of identify
Potions
 g - a potion of magic
 h - 3 potions of brilliance
 j - 4 potions of lignification
 k - a potion of mutation
 l - 2 potions of invisibility
 o - 3 potions of degeneration {unknown}
 q - 5 potions of curing {unknown}
 r - a potion of haste
 s - a potion of attraction {unknown}
 t - a potion of flight {unknown}
 u - a potion of heal wounds {unknown}


   Skills:
 - Level 3.6 Fighting
 - Level 16.0 Maces & Flails
 - Level 3.6 Armour
 - Level 3.6 Shields
 * Level 7.5 Invocations


You had 9 spell levels left.
You didn't know any spells.
Your spell library contained the following spells:

 Spells                   Type           Power      Damage    Failure   Level
 Apportation              Tloc           0%         N/A       38%         1
 Necrotise                Necr           0%         1d4       38%         1
 Summon Small Mammal      Summ           0%         N/A       38%         1
 Blink                    Tloc           0%         N/A       54%         2
 Scorch                   Fire           0%         2d5       54%         2
 Flame Wave               Conj/Fire      0%         2d4       99%         4
 Manifold Assault         Tloc           0%         N/A       99%         4
 Summon Cactus Giant      Summ           0%         N/A       100%        6
 Storm Form               Tmut/Air       0%         N/A       100%        7


Dungeon Overview and Level Annotations

Branches:
Dungeon (8/15)             Temple (1/1) D:6
   Lair: D:8-11

Altars:
Ashenzari
Dithmenos
Elyvilon
Fedhas
Gozag
Hepliaklqana
Makhleb
Nemelex Xobeh
Okawaru
Sif Muna
Uskayaw
Vehumet
Wu Jian
Xom
Yredelemnul

Shops:
D:1 ?

Annotations:
D:8 Maurice


Innate Abilities, Weirdness & Mutations

You are a tree.
Your roots penetrate the ground, keeping you stationary.
You cannot be teleported.
You are immune to unholy pain and torment.
Your maximum health is greatly increased.
Your equipment is partially melded.
((You have a pair of horns on your head.))
((You reflexively headbutt those who attack you in melee.))
You have supernaturally acute eyesight. (SInv)
Your mind is acute. (Int +4, Str/Dex -1)
You are robust. (+10% HP)
You have hidden genetic potential.


Message History

The yak is heavily wounded.
You block the yak's attack.
You hit the yak but do no damage.
The yak is heavily wounded.
The grasping roots constrict you.
* * * LOW HITPOINT WARNING * * *
You barely miss the yak. You headbutt the yak, but do no damage.
The yak is heavily wounded.
The grasping roots constrict you.
* * * LOW HITPOINT WARNING * * *
The yak gores you but does no damage.
You sock the yak!
The yak is almost dead.
The grasping roots constrict you.
* * * LOW HITPOINT WARNING * * *
You hit the yak but do no damage.
The yak is almost dead.
The yak gores you.
* * * LOW HITPOINT WARNING * * *
The grasping roots constrict you.
* * * LOW HITPOINT WARNING * * *
The grasping roots release their grip on you.
It was a potion of magic.
Magic courses through your body. You block the yak's attack.
Maurice shouts, "Mine, all mine!"
It was a potion of brilliance.
You feel clever all of a sudden. The yak gores you but does no damage.
It was a potion of lignification.
You turn into a tree.
Your +1 cloak melds into your body.
Your +1 plate armour melds into your body.
Your roots penetrate the ground.
It was a potion of mutation.
You feel extremely strange.
You feel clever.
You feel robust.
Your vision sharpens.
You feel a hidden potential growing inside you.
You block the yak's attack.
It was a potion of invisibility.
You fade into invisibility!
The yak gores you!
You die...

#....')))....# #.....
#..)†#)).....#######.#
#######).......# #.#
#### #......#.# #.#
#... ##'##..#.#####.#
#...###.....#.......#
#.......###.#########
#...###.....#
#...♣Y@...###
#...##.#...... ####
#.####### #.......#
...........
.####Y####.# .$ .# ...
. ..Y #


You could see Maurice (swift, invisible, unable to see you) and a yak (unable to
see you).

Vanquished Creatures
  A two-headed ogre (D:8)
  A hornet (D:7)
  Sigmund (D:2)
  A shadow (D:7)
  3 yaks (D:8)
  3 water moccasins
  3 orc warriors
  A sky beast (D:6)
  3 black bears
  An ice beast (D:7)
  An ogre (D:5)
  2 centaurs
  A phantom (D:4)
  4 kobold brigands
  2 bullfrogs (D:7)
  A scorpion (D:4)
  2 necrophages (D:5)
  A water moccasin zombie (D:5)
  8 wights
  2 killer bees
  2 bullfrog zombies (D:5)
  A centaur zombie (D:5)
  A human zombie (D:5)
  6 hounds
  A gnoll bouda (D:8)
  3 jellies
  6 orc priests
  A scorpion zombie (D:5)
  3 sleepcaps
  Terence (D:2)
  2 iguanas
  7 orc wizards
  12 gnolls
  7 adders
  2 shadow imps
  A white imp (D:7)
  An ufetubus (D:4)
  A worm (D:3)
  4 dart slugs
  27 orcs
  4 endoplasms
  3 giant cockroaches
  38 hobgoblins
  4 jackals (D:2)
  5 quokkas
  7 ball pythons
  3 bats
  3 frilled lizards
  35 goblins
  23 kobolds
  7 rats
263 creatures vanquished.

Notes
Turn   | Place    | Note
-------+----------+-------------------------------------------
     0 | D:1      | Cheops the Minotaur Fighter began the quest for the Orb.
     0 | D:1      | Reached XP level 1. HP: 19/19 MP: 0/0
    34 | D:1      | Found Voxtunie's Magic Scroll Boutique.
   148 | D:1      | Reached skill level 3 in Maces & Flails
   253 | D:1      | Reached XP level 2. HP: 24/26 MP: 1/1
   368 | D:1      | Reached skill level 4 in Maces & Flails
   919 | D:2      | Reached XP level 3. HP: 31/31 MP: 2/2
   985 | D:2      | Noticed Terence
   993 | D:2      | Killed Terence
  1024 | D:2      | Reached skill level 5 in Maces & Flails
  1037 | D:2      | Noticed a black bear
  1046 | D:2      | Killed a black bear
  1047 | D:2      | Reached skill level 6 in Maces & Flails
  1047 | D:2      | Reached XP level 4. HP: 37/39 MP: 3/3
  1047 | D:2      | Reached XP level 5. HP: 42/45 MP: 4/4
  1060 | D:2      | Noticed Sigmund
  1079 | D:2      | Killed Sigmund
  1080 | D:2      | Reached skill level 7 in Maces & Flails
  1080 | D:2      | Reached XP level 6. HP: 22/51 MP: 5/5
  1252 | D:2      | Reached skill level 8 in Maces & Flails
  1305 | D:2      | Identified the +1 hand axe of Quick Death {heavy, Dex+2}
  1771 | D:3      | Found a faded altar of an unknown god.
  2182 | D:3      | Identified the +3 dagger of the Morning {flame, rC+ Str+3
                  | Int+2}
  2963 | D:4      | Reached skill level 9 in Maces & Flails
  2974 | D:4      | Reached XP level 7. HP: 47/57 MP: 6/6
  3064 | D:4      | Found a white marble altar of Elyvilon.
  3405 | D:3      | Reached skill level 10 in Maces & Flails
  3940 | D:1      | Bought a scroll of identify for 24 gold pieces
  3940 | D:1      | Bought a scroll of identify for 24 gold pieces
  3940 | D:1      | Bought a scroll of fog for 48 gold pieces
  3940 | D:1      | Bought a scroll of butterflies for 48 gold pieces
  3940 | D:1      | Bought a scroll of immolation for 48 gold pieces
  3940 | D:1      | Bought a scroll of poison for 48 gold pieces
  4600 | D:4      | Reached skill level 11 in Maces & Flails
  4942 | D:5      | Entered Level 5 of the Dungeon
  5081 | D:5      | Reached XP level 8. HP: 64/64 MP: 7/7
  5130 | D:5      | Reached skill level 12 in Maces & Flails
  5186 | D:5      | Found a basalt altar of Yredelemnul.
  5365 | D:5      | Reached skill level 13 in Maces & Flails
  6313 | D:5      | Reached XP level 9. HP: 64/70 MP: 8/8
  6386 | D:6      | Reached skill level 14 in Maces & Flails
  6442 | D:6      | Found a staircase to the Ecumenical Temple.
  6520 | D:6      | Found an ornate altar of the Wu Jian Council.
  7569 | Temple   | Entered the Ecumenical Temple
  7838 | Temple   | Became a worshipper of Makhleb the Destroyer
  7884 | D:7      | Reached skill level 15 in Maces & Flails
  8747 | D:7      | Found a shimmering blue altar of Sif Muna.
  8747 | D:7      | Found an iron altar of Okawaru.
  9171 | D:8      | Reached skill level 5 in Invocations
  9366 | D:8      | Reached * piety under Makhleb
  9603 | D:8      | Reached XP level 10. HP: 68/77 MP: 12/12
  9809 | D:8      | Noticed a two-headed ogre
  9816 | D:8      | Killed a two-headed ogre
  9817 | D:8      | Reached skill level 16 in Maces & Flails
 10037 | D:8      | Reached ** piety under Makhleb
 10058 | D:8      | Noticed Maurice
 10084 | D:8      | HP: 2/77 [constriction (4)]
 10088 | D:8      | Gained mutation: Your mind is acute. (Int +4, Str/Dex -1)
                  | [potion of mutation]
 10088 | D:8      | Gained mutation: You are robust. (+10% HP) [potion of
                  | mutation]
 10088 | D:8      | Gained mutation: You have supernaturally acute eyesight.
                  | (SInv) [potion of mutation]
 10088 | D:8      | Gained mutation: You have hidden genetic potential. [potion
                  | of mutation]
 10089 | D:8      | Mangled by a yak

Illustrated notes

Levels and vault maps discovered:
D:1:      scummos_arrival_checkerplants, layout_loops_ring, serial_shops, shop,
          minmay_heptomino_o4
D:2:      layout_basic, uniq_sigmund, uniq_terence
D:3:      minmay_goblin_kobold_castle, layout_basic,
          shapermc_ecumenical_altar_venn
D:4:      minmay_angry_zag, layout_gridville, amcnicky_altar_gilded,
          minivault_14, kennysheep_nondescript
D:5:      layout_loops_corners, lemuel_mausoleum_altar_yredelemnul
D:6:      wad_crossroads, layout_loops_cross, nicolae_wu_jian_wuxing_cycle,
          temple_statues
D:7:      layout_gridville, mainiacjoe_overflow_divided_tiny,
          hangedman_decor_diamond_cutter, minmay_quadrilaterals
D:8:      layout_basic, old_standard_altar, nicolae_nh_ransacked_shop,
          uniq_maurice
Temple:   dpeg_chambers_temple

Skill      XL: |  1  2  3  4  5  6  7  8  9 10 |
---------------+-------------------------------+-----
Maces & Flails | 3 4 6 7 9 11 13 15 16 | 16.0
Invocations    | 5 7 |  7.5
Fighting       | |  3.6
Armour         | |  3.6
Shields        | |  3.6

Action                     |  1- 3 |  4- 6 |  7- 9 | 10-12 || total
---------------------------+-------+-------+-------+-------++-------
  Melee: Flail             |    60 |   105 |   284 |    62 ||   511
         Headbutt          |     5 |    13 |    61 |     7 ||    86
         Dire flail        |       |       |    78 |       ||    78
         Morningstar       |       |       |    49 |       ||    49
    Use: Scroll            |       |       |     6 |       ||     6
         Potion            |       |       |       |     7 ||     7
 Armour: Scale mail        |    25 |    42 |    80 |       ||   147
         Plate armour      |       |       |    74 |    25 ||    99
  Dodge: Dodged            |    26 |    53 |   131 |    19 ||   229
  Block: Buckler           |    14 |    32 |    79 |    10 ||   135
